Map: Cyber Forest LE

Players

Tocon

  • Race: Terran Terran
  • League: Master
  • Spawn Location: 11:00

MaxPax - Winner!

  • Race: Protoss Protoss
  • League: Grandmaster
  • Spawn Location: 5:00

VOD

Have the link to the VOD?

Description

Time

  • Played on: May 12, 2019, 1:22 p.m.
  • Length: 13:25
Show
View Real Time Build Order
Export as new Build Order

Tocon Terran 

Build Orders: Reaper Expand 

Get SALT Encoding   

  12  0:01  SCV  
  13  0:13  SCV  
  14  0:17  Supply Depot  
  14  0:25  SCV  
  15  0:39  SCV  
  15  0:41  Barracks  
  16  0:44  Refinery  
  16  0:51  SCV  
  17  1:03  SCV  
  18  1:15  SCV  
  19  1:30  Orbital Command  
  19  1:31  Reaper  
  20  1:43  Command Center  
  20  1:51  Supply Depot  
  20  1:55  SCV  
  21  2:02  Marine  
  22  2:12  Bunker  
  22  2:20  SCV  
  22  2:33  Factory  
  20  2:46  Barracks Reactor  
  20  2:55  Orbital Command  
  20  3:04  SCV  
  20  3:05  Refinery  
  21  3:16  SCV  
  21  3:19  Widow Mine  
  24  3:20  Starport  
  24  3:25  Marine x2  
  24  3:26  SCV  
  26  3:29  SCV  
  27  3:39  SCV  
  28  3:41  SCV  
  28  3:45  Factory Tech Lab  
  29  3:51  SCV  
  29  3:53  SCV  
  31  3:57  Viking  
  31  4:01  Marine x2  
  35  4:03  SCV  
  35  4:04  Cyclone  
  35  4:08  Supply Depot  
  40  4:10  SCV  
  40  4:19  SCV  
  40  4:20  Engineering Bay, Marine  
  40  4:21  Marine  
  43  4:25  SCV  
  43  4:31  Barracks  
  44  4:35  Barracks  
  44  4:41  Marine  
  44  4:43  SCV  
  44  4:44  SCV  
  47  4:49  Marine  
  47  4:50  Factory Reactor  
  48  4:53  Terran Infantry Weapons Level 1, Starport Reactor  
  48  4:55  SCV  
  48  4:57  SCV  
  50  5:00  Marine  
  50  5:05  Supply Depot  
  51  5:07  SCV  
  51  5:09  SCV  
  51  5:10  Marine  
  54  5:20  Barracks  
  54  5:22  Barracks  
  54  5:26  Supply Depot  
  54  5:27  SCV x2  
  56  5:29  Barracks Tech Lab  
  54  5:39  SCV x2  
  54  5:42  Marine x2  
  57  5:44  Stimpack  
  57  5:51  SCV x2  
  57  5:52  Marine  
  57  5:53  Combat Shield, Marine  
  57  5:55  Medivac  
  57  5:56  Factory Tech Lab  
  63  5:57  Medivac  
  63  6:01  Marine  
  63  6:02  Marine  
  63  6:03  SCV x2  
  68  6:15  SCV x2  
  70  6:19  Barracks Tech Lab  
  70  6:22  Marine x2, Supply Depot  
  70  6:25  Refinery, Marine  
  77  6:26  Refinery  
  77  6:28  Siege Tank, Marine x2  
  78  6:38  Marine  
  77  6:40  Marine  
  77  6:42  Marine x2  
  77  6:45  SCV x2  
  77  6:47  Marauder  
  81  6:50  Supply Depot, Terran Infantry Armor Level 1  
  81  6:57  SCV x2  
  81  6:59  Marauder  
  85  7:05  Medivac  
  84  7:10  Marauder  
  84  7:12  SCV, Marine x3  
  92  7:16  Siege Tank  
  93  7:27  Command Center  
  93  7:33  Supply Depot  
  93  7:35  Supply Depot  
  93  7:40  Marine x2  
  93  7:41  Marauder x3  
  101  7:45  Missile Turret  
  101  7:46  Missile Turret  
  101  7:55  Siege Tank  
  104  8:00  Viking x2  
  107  8:05  Supply Depot  
  107  8:08  Supply Depot  
  108  8:13  Marauder x2  
  108  8:16  Marauder  
  112  8:23  Armory  
  112  8:26  Engineering Bay  
  112  8:32  Siege Tank  
  110  8:55  Marauder x3  
  116  8:59  Factory  
  116  9:01  Liberator, SCV x2  
  96  9:14  Marine x4  
  96  9:16  Marauder  
  96  9:17  Marauder  
  100  9:18  Siege Tank  
  104  9:25  Orbital Command  
  104  9:26  SCV  
  104  9:28  SCV  
  106  9:36  Marauder  
  108  9:43  Marauder x2  
  108  9:44  Factory Tech Lab  
  112  9:49  SCV x2  
  112  9:50  SCV  
  115  9:56  Terran Infantry Weapons Level 2  
  115  9:57  Terran Infantry Armor Level 2  
  111  10:08  Siege Tank  
  111  10:12  Refinery x2  
  114  10:15  Missile Turret  
  114  10:17  Siege Tank  
  114  10:19  Missile Turret  
  114  10:20  SCV x3  
  120  10:25  Terran Vehicle Weapons Level 1  
  120  10:32  SCV x3  
  123  10:47  Sensor Tower  
  126  10:51  Starport  
  126  10:53  Refinery, Command Center  
  126  10:54  Refinery, SCV x3  
  129  11:00  Viking x2  
  133  11:17  Thor x2  
  141  11:21  Smart Servos  
  141  11:31  Missile Turret  
  141  11:32  Missile Turret  
  141  11:33  Missile Turret  
  141  11:36  Marine x7  
  143  11:53  Marine, Missile Turret  
  138  11:54  Marine x3  
  138  11:55  Viking x2  
  138  11:57  Starport Reactor, Missile Turret  
  145  12:04  Sensor Tower  
  145  12:05  Thor  
  151  12:14  Thor  
  157  12:24  Missile Turret  
  157  12:29  SCV  
  145  12:37  Viking x2  
  145  12:38  Viking x2  
  145  12:43  Supply Depot  
  145  12:44  Supply Depot x2  
Show
View Real Time Build Order
Export as new Build Order

MaxPax Protoss - Winner!

Build Orders: 1 Gate Expand, Phoenix Opening, Carriers 

Get SALT Encoding   

  12  0:00  Probe  
  13  0:13  Probe  
  14  0:20  Pylon  
  14  0:25  Probe  
  15  0:38  Probe  
  15  0:39  Pylon  
  16  0:44  Assimilator  
  16  0:50  Probe  
  17  0:57  Gateway  
  17  1:02  Probe  
  18  1:14  Probe  
  19  1:31  Nexus  
  19  1:39  Zealot  
  19  1:44  Cybernetics Core  
  19  1:52  Probe  
  22  1:58  Zealot  
  22  2:00  Assimilator  
  22  2:04  Probe  
  25  2:15  Stalker  
  25  2:16  Probe  
  25  2:28  Probe  
  26  2:40  Probe  
  26  2:43  Probe  
  28  2:45  Stalker  
  28  2:50  Stargate  
  30  2:56  Shield Battery  
  30  2:58  Probe  
  29  3:02  Probe  
  30  3:10  Probe  
  31  3:14  Probe  
  32  3:22  Probe  
  32  3:25  Phoenix  
  32  3:26  Probe  
  34  3:27  Robotics Facility  
  36  3:34  Probe  
  36  3:38  Probe  
  38  3:46  Probe x2  
  38  3:48  Phoenix  
  39  3:54  Probe  
  42  3:57  Pylon  
  42  3:58  Probe  
  44  4:03  Assimilator  
  44  4:04  Probe  
  45  4:10  Probe  
  45  4:16  Probe  
  49  4:19  Robotics Bay  
  49  4:21  Pylon  
  49  4:22  Probe  
  48  4:24  Assimilator  
  48  4:28  Probe, Phoenix  
  51  4:35  Probe  
  52  4:41  Probe  
  53  4:47  Nexus  
  53  4:49  Probe  
  54  4:53  Probe  
  54  4:56  Disruptor  
  55  5:00  Phoenix  
  55  5:01  Probe  
  61  5:07  Probe  
  61  5:12  Robotics Facility  
  62  5:19  Pylon  
  62  5:22  Pylon  
  62  5:29  Disruptor, Probe  
  62  5:37  Probe, Phoenix  
  62  5:41  Probe  
  67  5:48  Assimilator  
  68  5:50  Disruptor, Probe, Assimilator  
  68  5:53  Probe, Pylon  
  69  5:59  Forge  
  69  6:02  Probe  
  69  6:04  Observer  
  73  6:05  Probe x2, Phoenix  
  78  6:14  Probe  
  78  6:17  Probe x2  
  81  6:21  Disruptor  
  81  6:24  Disruptor  
  84  6:26  Probe  
  84  6:29  Probe x2  
  84  6:30  Phoenix  
  92  6:41  Probe  
  92  6:45  Nexus  
  92  6:46  Pylon  
  93  6:50  Probe  
  94  6:56  Phoenix  
  94  6:57  Pylon  
  94  6:58  Probe  
  94  6:59  Probe  
  94  7:00  Pylon  
  98  7:02  Probe  
  98  7:08  Colossus  
  99  7:10  Probe  
  99  7:11  Disruptor  
  105  7:20  Photon Cannon  
  108  7:22  Photon Cannon  
  108  7:25  Phoenix  
  110  7:30  Probe x2  
  110  7:31  Probe  
  110  7:33  Pylon  
  113  7:38  Fleet Beacon  
  113  7:42  Probe  
  113  7:43  Disruptor  
  114  7:44  Probe  
  114  7:45  Probe  
  114  7:47  Stargate  
  116  7:54  Disruptor  
  116  7:55  Probe  
  120  8:01  Photon Cannon  
  120  8:02  Pylon  
  123  8:06  Shield Battery, Carrier  
  123  8:08  Probe x2  
  123  8:10  Probe  
  123  8:11  Assimilator  
  123  8:12  Carrier  
  126  8:13  Assimilator  
  126  8:14  Probe  
  126  8:17  Protoss Air Weapons Level 1, Photon Cannon  
  127  8:20  Observer  
  127  8:24  Probe  
  141  8:35  Probe x2  
  141  8:36  Probe  
  144  8:44  Probe  
  144  8:47  Photon Cannon  
  144  8:48  Photon Cannon  
  143  8:53  Disruptor  
  144  9:12  Probe  
  144  9:13  Pylon  
  144  9:15  Carrier, Pylon  
  145  9:17  Pylon  
  145  9:18  Probe  
  145  9:19  Carrier  
  145  9:20  Pylon  
  145  9:22  Stargate  
  146  9:30  Photon Cannon  
  146  9:32  Observer  
  146  9:34  Photon Cannon  
  159  9:39  Pylon  
  159  9:43  Probe  
  160  9:52  Nexus  
  160  9:54  Pylon  
  160  9:55  Twilight Council  
  160  10:02  Disruptor  
  160  10:04  Protoss Shields Level 1  
  163  10:08  Probe x2  
  163  10:10  Carrier  
  163  10:11  Pylon  
  165  10:14  Carrier, Photon Cannon  
  165  10:15  Carrier, Photon Cannon  
  165  10:16  Photon Cannon, Pylon  
  165  10:20  Photon Cannon  
  183  10:32  Probe x2  
  183  10:34  Photon Cannon, Mothership  
  192  10:38  Protoss Air Weapons Level 2, Observer  
  192  10:39  Observer  
  193  10:51  Photon Cannon  
  193  10:54  Photon Cannon  
  193  10:57  Photon Cannon  
  193  10:58  Photon Cannon x2  
  193  11:02  Photon Cannon  
  193  11:03  Photon Cannon  
  193  11:08  Photon Cannon  
  193  11:11  Carrier  
  193  11:17  Photon Cannon  
  199  11:20  Photon Cannon  
  199  11:28  Pylon  
  199  11:44  Carrier  
  189  11:49  Carrier  
  194  11:58  Pylon  
  194  11:59  Pylon  
  200  12:02  Photon Cannon  
  200  12:03  Templar Archives  
  200  12:04  Gateway  
  200  12:06  Gateway  
  200  12:08  Gateway  
  199  12:10  Gateway  
  199  12:16  Assimilator  
  199  12:20  Assimilator, Stargate x2  
  199  12:23  Photon Cannon  
  199  12:25  Photon Cannon  
  199  12:28  Photon Cannon  
  196  12:44  Photon Cannon  
  196  12:47  Pylon  
  196  12:49  Pylon  
  196  12:53  Photon Cannon  
  196  12:54  Cybernetics Core  
  196  13:11  Pylon  
  194  13:13  Photon Cannon x2  
  194  13:14  Photon Cannon  
  194  13:15  Photon Cannon  
Tags
 
Add a new tag
Caveats
  • Supply blocks, unpowered buildings, or Contaminate may cause inaccurate times.
  • Supply counts are checked every 10 seconds.